 Dungeon Crawl Stone Soup version 0.30-a0-778-g2ef04afb54 (webtiles) character file.

Game seed: 10109514936463008733

30 Zenkrye the Firebug (level 3, -2/29 HPs)
             Began as a Human Cinder Acolyte on Feb 15, 2023.
             Was a High Priest of Ignis.
             Slain by Terence
             ... wielding a +0 hand axe
              (8 damage)
             ... on level 2 of the Dungeon.
             The game lasted 00:02:34 (1066 turns).

Zenkrye the Firebug (Human Cinder Acolyte)          Turns: 1066, Time: 00:02:35

Health: -2/29      AC:  2    Str: 16    XL:     3   Next: 37%
Magic:  1/4        EV: 11    Int: 14    God:    Ignis [*****.]
Gold:   21         SH:  0    Dex:  8    Spells: 2/4 levels left

rFire   + . .      SeeInvis .    a - -1 spear (flame)
rCold   . . .      Faith    .    (no shield)
rNeg    . . .      Spirit   .    b - +0 robe
rPois   .          Reflect  .    (no helmet)
rElec   .          Harm     .    (no cloak)
rCorr   .          Rampage  .    (no gloves)
Will    .....                    (no boots)
Stlth   +                        (no amulet)
HPRegen 0.24/turn                (no ring)
MPRegen 0.09/turn                (no ring)

@: no status effects
A: no striking features
a: Renounce Religion, Fiery Armour, Foxfire Swarm, Rising Flame


You were on level 2 of the Dungeon.
You worshipped Ignis.
Ignis was extremely pleased with you.
You visited 1 branch of the dungeon, and saw 2 of its levels.

You collected 21 gold pieces.

Inventory:

Hand Weapons
 a - a -1 spear of flaming (weapon)
 i - a +0 spear
Missiles
 c - 6 boomerangs (quivered)
 g - 3 javelins
 j - 3 curare-tipped darts
Armour
 b - a +0 robe (worn)
Potions
 e - a potion of might {@q4}


   Skills:
 - Level 3.0 Fighting
 + Level 3.6 Polearms
 - Level 1.0 Spellcasting
 + Level 3.6 Fire Magic


You had 2 spell levels left.
You knew the following spells:

 Your Spells              Type           Power      Damage    Failure   Level
a - Scorch                Fire           20%        2d6       9%          2

Your spell library contained the following spells:

 Spells                   Type           Power      Damage    Failure   Level


Dungeon Overview and Level Annotations

Branches:
Dungeon (2/15)

Altars:

Shops:
D:1 =

Annotations:
D:2 Robin, Terence


Message History

You hit Terence but do no damage.
Terence is moderately wounded.
Terence is no longer more vulnerable to fire.
You barely miss Terence.
Terence is moderately wounded.
Terence hits you but does no damage.
You hit Terence. You burn Terence.
Terence is moderately wounded.
Terence barely misses you.
You hit Terence but do no damage.
Terence is moderately wounded.
Terence shouts, "ATTACK!!!"
Terence closely misses you.
You hit Terence but do no damage.
Terence is moderately wounded.
Terence hits you with a +0 hand axe.
You hit Terence. You burn Terence.
Terence is heavily wounded.
Terence closely misses you.
Your magical contamination has completely faded away.
You hit Terence but do no damage.
Terence is heavily wounded.
Terence hits you with a +0 hand axe.
You barely miss Terence.
Terence is heavily wounded.
Terence closely misses you.
You hit Terence but do no damage.
Terence is heavily wounded.
Terence barely misses you.
You barely miss Terence.
Terence is heavily wounded.
Terence hits you with a +0 hand axe!
* * * LOW HITPOINT WARNING * * *
You hit Terence. You burn Terence.
Terence is severely wounded.
You barely miss Terence.
Terence is severely wounded.
Terence says, "Did you write a will?
You should..."
Terence hits you with a +0 hand axe!
You die...

## ..
##. .
[.###
.
...##
. ...
. #@#
. #@#
# #.#
#>#
...
#.#
#.#
#.#
#..


You could see Terence.

Vanquished Creatures
  An adder (D:2)
  A dart slug (D:1)
  2 endoplasms (D:1)
  4 goblins
  2 hobgoblins (D:1)
  2 quokkas (D:1)
  A ball python (D:1)
  A bat (D:2)
  A frilled lizard (D:1)
  A kobold (D:1)
  3 rats
19 creatures vanquished.

Notes
Turn   | Place    | Note
-------+----------+-------------------------------------------
     0 | D:1      | Zenkrye the Human Cinder Acolyte began the quest for the
                  | Orb.
     0 | D:1      | Reached XP level 1. HP: 18/18 MP: 2/2
   228 | D:1      | Reached XP level 2. HP: 18/24 MP: 3/3
   231 | D:1      | Learned a level 2 spell: Scorch
   397 | D:1      | Found Ciemnuo's Jewellery Boutique.
   958 | D:2      | Reached XP level 3. HP: 24/29 MP: 1/4
   965 | D:2      | Noticed Robin
  1050 | D:2      | Noticed Terence
  1066 | D:2      | Slain by Terence

Illustrated notes

Levels and vault maps discovered:
D:1:      kennysheep_arrival_seaside, layout_rooms, serial_shops, shop,
          patterned_corridor
D:2:      layout_loops_corners, serial_shops, shop, kennysheep_boxes,
          uniq_terence, uniq_robin

Action                     || total
---------------------------++-------
  Melee: Spear             ||    97
   Cast: Scorch            ||     4
    Use: Scroll            ||     3
 Armour: Robe              ||    11
  Dodge: Dodged            ||    40

Table legend: (Time is in decaauts)
 A = Elapsed time spent in this place.
 B = Non-inter-level travel time spent in this place.
 C = Inter-level travel time spent in this place.
 D = Time resting spent in this place.
 E = Time spent auto-exploring this place.
 F = Levels seen in this place.
 G = Mean time per level.
                   A        B        C        D        E       F      G
               +--------+--------+--------+--------+--------+-----+--------+
         Total |   1064 |   1005 |     59 |     79 |    722 |   2 |  532.0 |
       Dungeon |   1064 |   1005 |     59 |     79 |    722 |   2 |  532.0 |
               +--------+--------+--------+--------+--------+-----+--------+

Top non-repeatable levels by time:
     D:1: 994 daAuts
     D:2: 69 daAuts
